 Dungeon Crawl Stone Soup version 0.31-a0-654-gbe3e110b4e (webtiles) character file.

Game seed: 8626357896748835336

12938 Hubris850 the Fencer (level 11, -8/81 HPs)
             Began as a White Draconian Ice Elementalist on Aug 29, 2023.
             Was a Priest of the Shining One.
             Engulfed by a cloud of flame (15 damage)
             ... in a volcano.
             The game lasted 00:33:49 (10875 turns).

Hubris850 the Fencer (DrIE)                        Turns: 10875, Time: 00:33:50

Health: -8/81      AC: 10    Str: 12    XL:     11   Next: 69%
Magic:  12/16      EV: 13    Int: 17    God:    the Shining One [***...]
Gold:   501        SH:  0    Dex: 13    Spells: 7/17 levels left

rFire   . . .        b - +11 Singing Sword {sonic wave}
rCold   + . .        (no shield)
rNeg    + . .        (body armour unavailable)
rPois   +            (helmet restricted)
rElec   .            f - +1 cloak
rCorr   .            B - +0 pair of gloves
SInv    .            (no boots)
Will    .....        (no amulet)
Stlth   +            A - ring of poison resistance
HPRegen 0.33/turn    (no ring)
MPRegen 0.15/turn

%: no passive effects
@: glowing
A: breathe frost, AC +7, unfitting armour, cold resistance 1, cold-blooded
a: Breathe Frost, Renounce Religion, Divine Shield, Cleansing Flame


You were in a volcano.
You worshipped the Shining One.
The Shining One was most pleased with you.
You visited 3 branches of the dungeon, and saw 11 of its levels.
You also visited: Sewer, Bailey and Volcano.

You collected 501 gold pieces.

Inventory:

Hand Weapons
 b - the +11 Singing Sword (weapon) {sonic wave}
   (You acquired it on level 2 of the Dungeon)
 c - a +1 short sword
 k - a +1 dagger of protection
 D - a +0 scimitar of holy wrath
Missiles
 g - 2 throwing nets
 j - 6 atropa-tipped darts
 u - 45 poisoned darts
 x - 9 boomerangs
 y - 5 curare-tipped darts
Armour
 f - a +1 cloak (worn)
 B - a +0 pair of gloves (worn)
Magical Staves
 v - a staff of earth
Jewellery
 s - a ring of magical power
 t - a ring of ice
 A - a ring of poison resistance (left hand)
Talismans
 o - a maw talisman
Wands
 n - a wand of digging (6)
 r - a wand of mindburst (15)
 H - a wand of charming (7)
 L - a wand of flame (15)
 N - a wand of light (5)
Scrolls
 d - 3 scrolls of revelation
 i - 3 scrolls of enchant armour
 p - 3 scrolls of enchant weapon
 z - 4 scrolls of fog
 C - 2 scrolls of teleportation
 E - a scroll of amnesia
 J - a scroll of summoning
Potions
 a - a potion of magic
 e - 8 potions of enlightenment
 h - 6 potions of brilliance
 l - 2 potions of lignification
 m - 2 potions of heal wounds
 q - 2 potions of attraction
 w - 2 potions of cancellation
 F - a potion of curing
 G - 2 potions of mutation {unknown}
 M - 2 potions of haste {unknown}


   Skills:
 + Level 2.7 Fighting
 - Level 16.0 Long Blades
 - Level 3.5 Dodging
 - Level 2.0 Stealth
 + Level 3.5 Spellcasting
 + Level 2.0 Summonings
 + Level 6.2 Ice Magic
 - Level 10.0 Shapeshifting


You had 7 spell levels left.
You knew the following spells:

 Your Spells              Type           Power      Damage    Failure   Level
a - Freeze                Ice            96%        1d10      1%          1
b - Frozen Ramparts       Ice            48%        1d8       3%          3
c - Ozocubu's Armour      Ice            24%        N/A       3%          3
d - Call Canine Familiar  Summ           10%        N/A       22%         3

Your spell library contained the following spells:

 Spells                   Type           Power      Damage    Failure   Level
 Summon Small Mammal      Summ           40%        N/A       7%          1
 Sting                    Tmut/Pois      12%        1d3       17%         1
 Blink                    Tloc           6%         N/A       26%         2
 Lesser Beckoning         Tloc           6%         N/A       26%         2
 Momentum Strike          Conj/Tloc      6%         3d8       26%         2
 Poisonous Vapours        Pois/Air       6%         N/A       26%         2
 Summon Ice Beast         Ice/Summ       17%        N/A       30%         4
 Summon Guardian Golem    Hex/Summ       6%         N/A       32%         3
 Gell's Gravitas          Tloc           3%         N/A       45%         3
 Teleport Other           Tloc           3%         N/A       45%         3
 Olgreb's Toxic Radiance  Pois           3%         N/A       86%         4


Dungeon Overview and Level Annotations

Branches:
Dungeon (9/15)             Temple (1/1) D:4            Lair (1/5) D:9
  Sewer (visited)          Bailey (visited)         Volcano (1/1)
    Orc: D:9-12

Altars:
Ashenzari
Cheibriados
Dithmenos
Elyvilon
Fedhas
Gozag
Hepliaklqana
Kikubaaqudgha
Makhleb
Nemelex Xobeh
Okawaru
Ru
Sif Muna
Trog
Uskayaw
Vehumet
Wu Jian
Xom
Yredelemnul
Zin
The Shining One

Annotations:
D:3 1 runed translucent door


Innate Abilities, Weirdness & Mutations

You can breathe waves of freezing cold which knock back foes.
Your icy white scales are hard. (AC +7)
You cannot fit into any form of body armour.
Your flesh is cold resistant. (rC+)
You are cold-blooded and may be slowed by cold attacks.


Message History

There is a rock-blocked tunnel here.
You start resting.
HP restored.
Found a great mace of flaming.
Found 16 gold pieces and a potion of heal wounds.
Found a leather armour of fire resistance and 18 gold pieces.
A yaktaur comes into view.
It is wielding a +0 arbalest of flaming.
Found 22 gold pieces and a scale mail.
The yaktaur shouts!
A centaur warrior comes into view.
It is wielding a +1 shortbow of flaming.
The yaktaur shoots a bolt.
The bolt hits you!! The bolt burns you.
A yaktaur comes into view.
It is wielding a +1 arbalest of flaming.
The yaktaur shouts!
Casting: Ozocubu's Armour (mildly dangerous; 3% risk of failure)
Confirm with . or Enter, or press ? or * to list all spells.
Casting: Frozen Ramparts (mildly dangerous; 3% risk of failure)
Press: ? - help, Dir - look around, f - activate This square is lit by a halo.
The walls around you are covered in ice.
The centaur warrior shoots an arrow.
The arrow hits you. The arrow burns you.
The centaur warrior shoots an arrow.
The arrow hits you! The arrow burns you.
Casting: Frozen Ramparts (mildly dangerous; 3% risk of failure)
Confirm with . or Enter, or press ? or * to list all spells.
A film of ice covers your body!
The centaur warrior shoots an arrow.
The arrow hits you!!
* * * LOW HITPOINT WARNING * * *
The arrow burns you!
* * * LOW HITPOINT WARNING * * *
The heat melts your icy armour.
Okay, then.
Blink to where?
Press: ? - help, Dir - move target Your icy armour cracks and falls away as you move.
The frozen ramparts melt away as you move.
As you read the scroll of blinking, it crumbles to dust.
Okay, then.
The air gets thick with the scent of sulphur.
In the distance, the volcano erupts with a roar.
You are engulfed in blazing flames.
You die...

#.§§≈§§≈# #..§§≈≈##
#.§§≈≈≈≈# # ##..≈≈§≈#
##. #...§≈§§# ###.# ###
##.≈≈≈§## #...####.#
#######.≈≈≈≈#
#...##.c###...##○##≈≈##
##.............#@## ###
#....≈≈≈≈○☼§☼○☼○##
#..§≈≈≈≈≈○○§○○°○...#
...≈≈≈≈≈≈§§○☼○○☼...#
..§≈§≈≈≈≈☼○○○○○☼..##
..§≈≈≈≈≈≈○○§§☼○☼...#
..§≈§§§≈≈☼§§§○☼○.###
.§..§≈≈§§.≈§§☼○○..
#...............###


There were no monsters in sight!

Vanquished Creatures
  A two-headed ogre (D:8)
  An orc knight (Bailey)
  Pikel (D:5)
  A cane toad (Lair:1)
  4 komodo dragons
  4 trolls (D:9)
  A hornet (D:7)
  5 blink frogs (Lair:1)
  4 yaks (D:8)
  A basilisk (D:9)
  A steam dragon (D:9)
  An acid dragon (D:6)
  3 water moccasins
  2 black bears (D:4)
  15 orc warriors
  A sky beast (D:7)
  3 ice beasts
  An ogre (D:7)
  5 centaurs
  17 wolves
  3 lemures (D:5)
  2 phantoms
  10 kobold brigands
  5 bullfrogs
  3 scorpions
  6 wights
  6 killer bees (D:4)
  A howler monkey (D:7)
  2 electric eels (D:9)
  3 crimson imps (D:6)
  A gnoll bouda (D:6)
  6 orc priests
  2 hounds (D:9)
  3 jellies
  3 iguanas
  2 sleepcaps (D:7)
  6 orc wizards
  A mummy (D:6)
  11 adders
  6 gnolls
  A river rat (Sewer)
  2 white imps
  7 worms
  38 orcs
  7 bats
  9 endoplasms
  7 giant cockroaches
  27 goblins
  24 hobgoblins
  3 jackals
  19 kobolds
  4 quokkas
  7 ball pythons
  A frilled lizard (D:3)
  A jackal skeleton (D:3)
  11 rats
322 creatures vanquished.

Notes
Turn   | Place    | Note
-------+----------+-------------------------------------------
     0 | D:1      | Hubris850 the Draconian Ice Elementalist began the quest
                  | for the Orb.
     0 | D:1      | Reached XP level 1. HP: 14/14 MP: 3/3
   304 | D:1      | Reached XP level 2. HP: 18/20 MP: 5/5
  1115 | D:2      | Reached skill level 1 in Shapeshifting
  1115 | D:2      | Reached XP level 3. HP: 23/26 MP: 3/6
  1182 | D:2      | Identified a scroll of acquirement
  1182 | D:2      | Acquired the +11 Singing Sword {sonic wave}
  1182 | D:2      | Found the +11 Singing Sword {sonic wave}
  1418 | D:2      | Reached skill level 1 in Long Blades
  1504 | D:2      | Reached XP level 4. HP: 33/33 MP: 7/7
  2166 | D:3      | Found a runed translucent door.
  2167 | D:3      | Noticed a human
  2173 | D:3      | Found a basalt altar of Yredelemnul.
  2217 | D:3      | Found a radiant altar of Vehumet.
  2388 | D:3      | Reached skill level 2 in Long Blades
  2720 | D:4      | Found a staircase to the Ecumenical Temple.
  2724 | D:4      | Noticed a scorpion
  2730 | D:4      | Killed a scorpion
  2731 | D:4      | Reached XP level 5. HP: 38/38 MP: 8/8
  2747 | D:4      | Learned a level 3 spell: Frozen Ramparts
  2751 | D:4      | Learned a level 3 spell: Ozocubu's Armour
  2765 | Temple   | Entered the Ecumenical Temple
  2788 | Temple   | Became a worshipper of the Shining One
  2847 | D:4      | Noticed a black bear
  2854 | D:4      | Killed a black bear
  2855 | D:4      | Reached skill level 4 in Long Blades
  2855 | D:4      | Reached XP level 6. HP: 37/45 MP: 9/9
  3018 | D:4      | Reached skill level 6 in Long Blades
  3018 | D:4      | Your scales start taking on an icy white colour.
  3018 | D:4      | Reached skill level 5 in Ice Magic
  3018 | D:4      | Reached XP level 7. HP: 22/50 MP: 10/10
  3018 | D:4      | Gained mutation: Your flesh is cold resistant. (rC+) [White
                  | Draconian growth]
  3508 | D:5      | Entered Level 5 of the Dungeon
  3543 | D:5      | Reached skill level 7 in Long Blades
  3614 | D:5      | Found a hide-covered altar of Uskayaw.
  3665 | D:5      | Noticed Pikel
  3679 | D:5      | Killed Pikel
  3680 | D:5      | Reached skill level 9 in Long Blades
  3680 | D:5      | Reached XP level 8. HP: 31/57 MP: 11/11
  3832 | D:5      | Found a shimmering blue altar of Sif Muna.
  4543 | D:6      | Reached skill level 10 in Long Blades
  4550 | D:6      | Reached * piety under the Shining One
  4637 | D:6      | Reached skill level 11 in Long Blades
  4730 | D:6      | Reached XP level 9. HP: 51/62 MP: 12/12
  4744 | D:6      | Found a snail-covered altar of Cheibriados.
  4753 | D:6      | Reached skill level 12 in Long Blades
  4799 | D:6      | Found a shimmering altar of Xom.
  4877 | D:6      | Found a glowing drain.
  4894 | Sewer    | Entered a sewer
  4939 | Sewer    | Reached skill level 5 in Shapeshifting
  5188 | Sewer    | HP: 1/62 [worm (8)]
  5917 | Sewer    | Reached skill level 13 in Long Blades
  6328 | D:6      | Found Zoegaf's Fire Supplies.
  6563 | D:7      | Reached ** piety under the Shining One
  6569 | D:7      | Reached skill level 14 in Long Blades
  6806 | D:7      | Reached XP level 10. HP: 61/69 MP: 13/13
  7205 | D:8      | Found a burning altar of Makhleb.
  7205 | D:8      | Found a glowing silver altar of Zin.
  7206 | D:8      | Noticed an angel
  7206 | D:8      | Noticed a green death
  7663 | D:8      | Reached skill level 15 in Long Blades
  8064 | D:8      | Noticed a two-headed ogre
  8076 | D:8      | Killed a two-headed ogre
  8447 | D:9      | Found a flagged portal.
  8462 | Bailey   | Entered a bailey
  8896 | Bailey   | Noticed an orc knight
  8907 | Bailey   | Killed an orc knight
  9010 | Bailey   | Noticed an orc warlord
  9034 | D:9      | Reached XP level 11. HP: 22/74 MP: 10/14
  9232 | D:9      | Reached *** piety under the Shining One
  9242 | D:9      | Reached skill level 16 in Long Blades
  9898 | D:9      | Found a staircase to the Lair.
 10171 | Lair:1   | Entered Level 1 of the Lair of Beasts
 10208 | Lair:1   | Reached skill level 10 in Shapeshifting
 10216 | Lair:1   | Reached skill level 1 in Fighting
 10223 | Lair:1   | Learned a level 3 spell: Call Canine Familiar
 10270 | Lair:1   | Found a dark tunnel.
 10312 | Lair:1   | Reached skill level 1 in Summonings
 10795 | Volcano  | Entered a volcano
 10859 | Volcano  | Noticed a centaur warrior
 10862 | Volcano  | HP: 3/81 [centaur warrior/arrow (11)]
 10875 | Volcano  | Engulfed by a cloud of flame

Illustrated notes

Levels and vault maps discovered:
D:1:      ebering_trefoil_twist, layout_basic
D:2:      minmay_diamond_boxcup, layout_rooms
D:3:      layout_basic, nicolae_overflow_crystal_walls, dk_yredelemnul_ordeal
D:4:      layout_basic, temple_statues
D:5:      layout_cave_pods, kennysheep_mini_moat, mainiacjoe_overflow_brackets,
          minmay_manual_mares, uniq_pikel
D:6:      layout_rooms, led_xom_imps, slow_altar_2, gup_sewer_entry_bowl,
          nicolae_shop_fire_sale [nicolae_sub_dead_trees], glass_columns_a
D:7:      layout_cave_pools, kennysheep_another_room
D:8:      layout_cave_pods, grunt_temple_overflow_order_and_chaos_2
D:9:      layout_basic, erik_lair_island, serial_glass, glass_columns_a,
          glass_columns_a, enter_bailey_3
Temple:   oiseaux_autumnal_temple
Lair:1:   layout_regular_city, nicolae_volcano_entry_lava_flow,
          beast_lair_carwin_4, uniq_fannar
Volcano:  volcano_pools

Skill      XL: |  1  2  3  4  5  6  7  8  9 10 11 |
---------------+----------------------------------+-----
Stealth        | 2 |  2.0
Dodging        | 2 3 |  3.5
Shapeshifting  | 1 3 4 6 8 10 | 10.0
Long Blades    | 1 2 4 6 9 11 14 15 16 | 16.0
Ice Magic      | 5 6 |  6.2
Fighting       | 2 |  2.7
Spellcasting   | 3 |  3.5
Summonings     | 2 |  2.0

Action                     |  1- 3 |  4- 6 |  7- 9 | 10-12 || total
---------------------------+-------+-------+-------+-------++-------
  Melee: Short sword       |   133 |       |       |       ||   133
         Unarmed           |    10 |       |       |       ||    10
         Tailslap          |    18 |     3 |    24 |    23 ||    68
         Punch             |     1 |       |     2 |     3 ||     6
         Dagger            |    36 |       |       |       ||    36
         Double sword      |     3 |    71 |   211 |   196 ||   481
  Throw: Dart              |       |     2 |       |     3 ||     5
   Cast: Freeze            |     2 |       |       |       ||     2
         Ozocubu's Armour  |       |       |     4 |     5 ||     9
         Frozen Ramparts   |       |       |     4 |     4 ||     8
Ability: Breathe Frost     |       |       |       |     2 ||     2
  Evoke: Wand              |       |       |       |     8 ||     8
    Use: Scroll            |     3 |     6 |     3 |     9 ||    21
         Potion            |       |       |     3 |     1 ||     4
   Stab: Sleeping          |     7 |     4 |       |       ||    11
 Armour: Skin              |    81 |    31 |    73 |    39 ||   224
  Dodge: Dodged            |   132 |    64 |   104 |    79 ||   379

Table legend: (Time is in decaauts)
 A = Elapsed time spent in this place.
 B = Non-inter-level travel time spent in this place.
 C = Inter-level travel time spent in this place.
 D = Time resting spent in this place.
 E = Time spent auto-exploring this place.
 F = Levels seen in this place.
 G = Mean time per level.
                   A        B        C        D        E       F      G
               +--------+--------+--------+--------+--------+-----+--------+
         Total |  11016 |  10684 |    332 |   2083 |   6305 |  14 |  786.9 |
       Dungeon |   8899 |   8612 |    287 |   1351 |   5649 |   9 |  988.8 |
        Temple |     46 |      1 |     45 |      0 |      0 |   1 |   46.0 |
          Lair |    201 |    201 |      0 |     14 |     47 |   1 |  201.0 |
         Sewer |   1236 |   1236 |      0 |    401 |    608 |   1 | 1236.0 |
        Bailey |    551 |    551 |      0 |    279 |      0 |   1 |  551.0 |
       Volcano |     79 |     79 |      0 |     38 |      0 |   1 |   79.0 |
               +--------+--------+--------+--------+--------+-----+--------+

Top non-repeatable levels by time:
     D:9: 1570 daAuts
     D:8: 1255 daAuts
   Sewer: 1236 daAuts
     D:5: 1053 daAuts
     D:1: 1020 daAuts
     D:6: 907 daAuts
     D:3: 861 daAuts
     D:4: 822 daAuts
     D:2: 785 daAuts
     D:7: 621 daAuts
  Bailey: 551 daAuts
  Lair:1: 201 daAuts
 Volcano: 79 daAuts
  Temple: 46 daAuts
